AoeStats
← eyupfc

Hill Fort

504297038Analyzed
3v3 RM · 28d ago on Sep 4, 2026· 25m 14s· 6 players
Game mode
Random Map
Map size
Normal (6 player)
Population
200
Speed
Normal
Resources
Standard
Victory
Conquest
Starting age
Dark Age
Ending age
Imperial Age
RankedLock teamsTeams togetherTeam positionsShared explorationLock speedFull tech treeHidden civsTurbo modeCheats
Victory
Defeat
🇹🇷 Japanese · Türkiye
1239
+12
🇹🇷 Armenians · Türkiye
1202
+14
🇹🇷 Spanish · Türkiye
1176
+14
🇸🇪 Franks · Sweden
1152
-14
🇹🇷 Burgundians · Türkiye
1150
-13
🇸🇪 Britons · Sweden
1148
-13
Han
10:09 Feudal Age
17:05 Castle Age
15:28 Double-Bit Axe
18:18 Wheelbarrow
18:16 Bow Saw
18:36 Loom
18:38 Horse Collar
20:44 Scale Mail Armor
20:40 Gold Mining
Chan Joe-kun
10:15 Feudal Age
11:46 Double-Bit Axe
11:41 Horse Collar
17:53 Castle Age
18:14 Loom
19:00 Gold Mining
19:23 Bow Saw
19:14 Heavy Plow
20:29 Wheelbarrow
21:26 Stone Mining
22:04 Scale Barding Armor
22:12 Forging
24:54 Iron Casting
Seb
11:21 Feudal Age
15:23 Loom
16:00 Man-at-Arms
16:47 Scale Mail Armor
17:00 Long Swordsman
20:10 Castle Age
18:00 Long Swordsman
19:08 Forging
19:27 Double-Bit Axe
20:27 Horse Collar
20:18 Two-Handed Swordsman
20:43 Gambesons
21:23 Squires
22:50 Bow Saw
23:59 Wheelbarrow
24:52 Chain Mail Armor
aGa
10:34 Feudal Age
18:08 Castle Age
16:14 Double-Bit Axe
22:26 Husbandry
eyupfc
Superhoops
11:26 Feudal Age
15:22 Castle Age
15:51 Fletching
16:30 Bodkin Arrow
17:30 Crossbowman
19:57 Ballistics
21:05 Padded Archer Armor
Connection lost

Rejoining the realm…

Still unreachable

The connection could not be restored.

Session expired

The server has moved on; the page needs a fresh start.